 Dungeon Crawl Stone Soup version 0.22-a0-278-g8f80174 (webtiles) character file.

8 grindst0ne the Conjurer (level 2, -1/15 HPs)
             Began as a Kobold Conjurer on Mar 15, 2018.
             Slain by a hobgoblin (4 damage)
             ... on level 1 of the Dungeon.
             The game lasted 00:00:54 (456 turns).

grindst0ne the Conjurer (Kobold Conjurer)            Turns: 456, Time: 00:00:55

Health: -1/15      AC:  2    Str:  5    XL:     2   Next: 15%
Magic:  0/5        EV: 15    Int: 16    God:
Gold:   7          SH:  0    Dex: 15    Spells: 4/5 levels left

rFire    . . .     SeeInvis .   d - +0 dagger
rCold    . . .     Gourm    .   (shield restricted)
rNeg     . . .     Faith    .   a - +0 robe
rPois    .         Spirit   .   (no helmet)
rElec    .         Reflect  .   (no cloak)
rCorr    .         Harm     .   (no gloves)
MR       .....                  (no boots)
Stlth    ++........             (no amulet)
HPRegen  0.05/turn              (no ring)
MPRegen  0.09/turn              (no ring)

@: no status effects
A: small, carnivore
a: no special abilities


You were on level 1 of the Dungeon.
You were completely stuffed.

You visited 1 branch of the dungeon, and saw 1 of its levels.

You collected 7 gold pieces.

Inventory:

Hand Weapons
 d - a +0 dagger (weapon)
Armour
 a - a +0 robe (worn)
Scrolls
 b - 2 scrolls of identify {unknown}
Comestibles
 c - a ration


   Skills:
 + Level 2.6 Dodging
 + Level 3.1 Stealth
 + Level 2.3 Spellcasting
 + Level 4.1 Conjurations


You had 4 spell levels left.
You knew the following spells:

 Your Spells              Type           Power        Failure   Level  Hunger
a - Magic Dart            Conj           ###.         3%          1    #......


Dungeon Overview and Level Annotations

Branches:
Dungeon (1/15)

Altars:


Innate Abilities, Weirdness & Mutations

You are small and have problems with some larger weapons.
You are carnivorous and can eat meat at any time.


Message History

You hit the hobgoblin.
The hobgoblin is heavily wounded.
The hobgoblin hits you.
* * * LOW HITPOINT WARNING * * *
The hobgoblin barely misses you.
Casting: Magic Dart (safe; 3% risk of failure)
Confirm with . or Enter, or press ? or * to list all spells.
Aiming: Magic Dart (safe; 3% risk of failure)
Press: ? - help, Shift-Dir - straight line, f/p - hobgoblin
Aim: a hobgoblin The magic dart hits the hobgoblin.
The hobgoblin barely misses you.
Casting: Magic Dart (safe; 3% risk of failure)
Confirm with . or Enter, or press ? or * to list all spells.
Aiming: Magic Dart (safe; 3% risk of failure)
Press: ? - help, Shift-Dir - straight line, f/p - hobgoblin
Aim: a hobgoblin The magic dart hits the hobgoblin.
The hobgoblin is moderately wounded.
The hobgoblin hits you.
You die...

.######.# .##.#.#.#
.##...#.# .##.#.#.# # ###
.##.#.#.#######.#..
.............>#.#.##########
.##.#.#.#####.#............#
........#.....###.......##.#
......###.#....g@...###.##.#
#####.# #..##..##...# #.##.#
# #.# #..##..##...# #.##.#
#####.# ###..##..##.# #.##.#
...##.# ###..##..##.# #.##.#
...'..# #..##<.##...# ...#.#
...#### #..##..##...# ##.#.#
....# ###..##..##.####.#.#
..#.# ###..##..##.#....#.#


You could see a hobgoblin.

Vanquished Creatures
  3 goblins (D:1)
  2 hobgoblins (D:1)
  A bat (D:1)
  A rat (D:1)
7 creatures vanquished.

Notes
Turn   | Place    | Note
-------+----------+-------------------------------------------
     0 | D:1      | grindst0ne the Kobold Conjurer began the quest for the Orb.
     0 | D:1      | Reached XP level 1. HP: 10/10 MP: 3/3
   322 | D:1      | Reached XP level 2. HP: 6/15 MP: 0/5
   456 | D:1      | Slain by a hobgoblin

Vault maps used:
D:1:      lightli_iron_boxes

Skill      XL: |  1 |
---------------+----+-----
Stealth        | 3 |  3.1
Dodging        | |  2.6
Spellcasting   | |  2.3
Conjurations   | |  4.1

Action                   || total
-------------------------++-------
Melee: Unarmed           ||    15
       Dagger            ||     6
 Cast: Magic Dart        ||    23
  Eat: Chunk             ||     7
Armor: Robe              ||     2
Dodge: Dodged            ||    20

Table legend:
 A = Spawn XP
 B = Non-spawn XP
 C = Spawn XP percentage of total XP
 D = Spawn monster count
 E = Non-spawn monster count
 F = Spawn count percentage of total count
 G = Total turns spent on level
                    A         B        C        D         E        F      G
               +---------+---------+-------+---------+---------+-------+---------
         Total |       0 |      12 |   0.0 |       0 |       7 |   0.0 |   456
               +---------+---------+-------+---------+---------+-------+---------
           D:1 |       0 |      12 |   0.0 |       0 |       7 |   0.0 |   456
               +---------+---------+-------+---------+---------+-------+---------
